 Dungeon Crawl Stone Soup version 0.31-a0-145-g046c7d2549 (webtiles) character file.

Game seed: 914865485229779595

457 Edyrem the Shooter (level 7, 0/55 HPs)
             Began as a Formicid Hunter on June 6, 2023.
             Slain by Edmund
             ... wielding a +0 flail of protection
              (7 damage)
             ... on level 4 of the Dungeon.
             The game lasted 00:06:42 (3489 turns).

Edyrem the Shooter (Formicid Hunter)                Turns: 3489, Time: 00:06:43

Health: 0/55       AC:  4    Str: 16    XL:     7   Next: 27%
Magic:  7/7        EV: 13    Int:  8    God:
Gold:   161        SH:  0    Dex: 19    Spells: 6/6 levels left

rFire   . . .        a - +0 shortbow
rCold   . . .        (no shield)
rNeg    . . .        c - +0 leather armour
rPois   .            (helmet unavailable)
rElec   .            (no cloak)
rCorr   .            (no gloves)
SInv    +            e - +0 pair of boots
Will    .....        (no amulet)
Stlth   ++           (no ring)
HPRegen 0.29/turn    (no ring)
MPRegen 0.10/turn

%: no passive effects
@: no status effects
A: permanent stasis, dig shafts and tunnels, antennae 3, four strong arms
a: Dig, Shaft Self


You were on level 4 of the Dungeon.
You visited 1 branch of the dungeon, and saw 4 of its levels.

You collected 161 gold pieces.

Inventory:

Hand Weapons
 a - a +0 shortbow (weapon)
 p - a +0 morningstar
Armour
 c - a +0 leather armour (worn)
 e - a +0 pair of boots (worn)
 o - a +4 plate armour
 t - a +0 kite shield
Jewellery
 f - a ring of magical power
Wands
 m - a wand of polymorph (7)
Scrolls
 b - a scroll of butterflies
 d - 5 scrolls of identify {unknown}
 h - 2 scrolls of amnesia {unknown}
 i - 2 scrolls of poison {unknown}
 j - 3 scrolls of teleportation {unknown}
 n - a scroll of blinking {unknown}
 r - a scroll of enchant weapon {unknown}
 s - a scroll of torment {unknown}
Potions
 g - a potion of heal wounds {unknown}
 k - a potion of cancellation {unknown}
 l - a potion of curing {unknown}
 q - a potion of attraction {unknown}


   Skills:
 + Level 4.6 Fighting
 * Level 5.8 Ranged Weapons
 + Level 1.9 Armour
 + Level 3.7 Dodging
 - Level 1.2 Stealth


You had 6 spell levels left.
You didn't know any spells.
Your spell library contained the following spells:

 Spells                   Type           Power      Damage    Failure   Level
 Kiss of Death            Conj/Necr      0%         2d5       47%         1
 Sandblast                Erth           0%         2d4       47%         1
 Ensorcelled Hibernation  Hex/Ice        0%         N/A       63%         2
 Passwall                 Tmut/Erth      0%         N/A       63%         2
 Confusing Touch          Hex            0%         N/A       85%         3
 Inner Flame              Hex/Fire       0%         N/A       85%         3
 Spider Form              Tmut/Pois      0%         N/A       85%         3
 Stone Arrow              Conj/Erth      0%         3d7       85%         3
 Anguish                  Hex/Necr       0%         N/A       99%         4
 Dispel Undead            Necr           0%         3d6       99%         4
 Yara's Violent Unravell  Hex/Tmut       0%         3d3       100%        5
 Enfeeble                 Hex            0%         N/A       100%        7


Dungeon Overview and Level Annotations

Branches:
Dungeon (4/15)
 Temple: D:4-7

Altars:

Shops:
D:2 [

Annotations:
D:4 Edmund


Innate Abilities, Weirdness & Mutations

You cannot be hasted, slowed, berserked, paralysed or teleported.
You can dig through walls and to a lower floor.
You have a pair of large antennae on your head. (SInv)
Your four strong arms can wield two-handed weapons with a shield.


Message History

Edmund is lightly wounded.
Edmund barely misses you.
Edmund hits you with a +0 flail of protection!
You shoot an arrow. The arrow hits Edmund.
Edmund is lightly wounded.
Edmund hits you with a +0 flail of protection.
You shoot an arrow. The arrow hits Edmund.
Edmund is moderately wounded.
Edmund closely misses you.
You shoot an arrow. The arrow hits Edmund!
Edmund is heavily wounded.
Edmund closely misses you.
You shoot an arrow. The arrow hits Edmund.
Edmund is heavily wounded.
Edmund barely misses you.
You shoot an arrow. The arrow hits Edmund!
Edmund is severely wounded.
Edmund hits you with a +0 flail of protection!
You shoot an arrow. The arrow completely misses Edmund.
Edmund hits you with a +0 flail of protection.
You shoot an arrow. The arrow hits Edmund.
Edmund is severely wounded.
Edmund hits you with a +0 flail of protection.
You shoot an arrow.
The arrow hits Edmund but does no damage.
Edmund is severely wounded.
Edmund hits you with a +0 flail of protection. x2
* * * LOW HITPOINT WARNING * * *
You shoot an arrow. The arrow hits Edmund!
Edmund is almost dead.
Edmund hits you with a +0 flail of protection!
* * * LOW HITPOINT WARNING * * *
You shoot an arrow.
The arrow hits Edmund but does no damage.
Edmund is almost dead.
Edmund closely misses you.
You shoot an arrow. The arrow hits Edmund.
Edmund is almost dead.
Edmund hits you with a +0 flail of protection!
You die...

#...## ...
##...# ...
##...## ....
##...##
..... #.).##
.....#
##...# ....#
##...##
#.@##...##
#.@....#
##....##
##..## #..##
#...# #.).##
..###....##
..........#
....†.....##


You could see Edmund.

Vanquished Creatures
  Grinder (D:4)
  2 hounds
  A jelly (D:4)
  An orc wizard (D:4)
  2 adders (D:2)
  A gnoll (D:1)
  3 worms
  4 dart slugs
  9 orcs
  6 endoplasms
  9 goblins
  8 hobgoblins
  4 jackals (D:1)
  9 kobolds
  2 quokkas (D:3)
  6 ball pythons
  5 bats
  2 frilled lizards
  9 rats
84 creatures vanquished.

Notes
Turn   | Place    | Note
-------+----------+-------------------------------------------
     0 | D:1      | Edyrem the Formicid Hunter began the quest for the Orb.
     0 | D:1      | Reached XP level 1. HP: 16/16 MP: 1/1
    43 | D:1      | Reached XP level 2. HP: 23/23 MP: 2/2
   572 | D:1      | Reached XP level 3. HP: 28/28 MP: 3/3
  1062 | D:2      | Reached XP level 4. HP: 32/35 MP: 4/4
  1440 | D:2      | Found Ejeytekk's Antique Armour Boutique.
  1554 | D:2      | Found a faded altar of an unknown god.
  2091 | D:3      | Reached XP level 5. HP: 41/41 MP: 5/5
  3030 | D:4      | Reached skill level 5 in Ranged Weapons
  3030 | D:4      | Noticed Grinder
  3185 | D:4      | Reached XP level 6. HP: 27/48 MP: 6/6
  3198 | D:4      | Killed Grinder
  3199 | D:4      | Reached skill level 1 in Armour
  3199 | D:4      | Reached XP level 7. HP: 5/55 MP: 7/7
  3472 | D:4      | Noticed Edmund
  3489 | D:4      | Slain by Edmund

Illustrated notes

Levels and vault maps discovered:
D:1:      dpeg_arrival_lava_temple_mockup, layout_basic,
          wander_ebering_terrifying_dragon_lair
D:2:      minmay_general_purpose_star, layout_basic, basic_ecumenical_altar,
          serial_shops, shop, minmay_misc_feat_hallway, minmay_circled_x
D:3:      layout_basic, minmay_tree_intersection, hex_intersection,
          kennysheep_generic_room_4
D:4:      minmay_door_path, layout_cave_pods, kennysheep_mini, uniq_edmund,
          uniq_grinder, uniq_robin

Skill      XL: |  1  2  3  4  5  6 |
---------------+-------------------+-----
Dodging        | 2 3 |  3.7
Fighting       | 3 4 |  4.6
Ranged Weapons | 5 |  5.8
Armour         | 1 |  1.9
Stealth        | |  1.2

Action                     |  1- 3 |  4- 6 |  7- 9 || total
---------------------------+-------+-------+-------++-------
   Fire: Shortbow          |    63 |   157 |    33 ||   253
Ability: Dig               |       |     2 |       ||     2
 Armour: Leather armour    |     8 |     7 |       ||    15
  Dodge: Dodged            |    17 |    40 |     6 ||    63

Table legend: (Time is in decaauts)
 A = Elapsed time spent in this place.
 B = Non-inter-level travel time spent in this place.
 C = Inter-level travel time spent in this place.
 D = Time resting spent in this place.
 E = Time spent auto-exploring this place.
 F = Levels seen in this place.
 G = Mean time per level.
                   A        B        C        D        E       F      G
               +--------+--------+--------+--------+--------+-----+--------+
         Total |   3539 |   3443 |     96 |    104 |   2807 |   4 |  884.8 |
       Dungeon |   3539 |   3443 |     96 |    104 |   2807 |   4 |  884.8 |
               +--------+--------+--------+--------+--------+-----+--------+

Top non-repeatable levels by time:
     D:3: 1282 daAuts
     D:1: 1047 daAuts
     D:2: 820 daAuts
     D:4: 388 daAuts
